 Dungeon Crawl Stone Soup version 0.28-a0-691-gad6df49e81 (webtiles) character file.

Game seed: 9081445835143063010

3 siradein the Vexing (level 1, 0/13 HPs)
             Began as a Demonspawn Enchanter on Oct 21, 2021.
             Slain by a jackal (3 damage)
             ... on level 1 of the Dungeon.
             The game lasted 00:00:53 (183 turns).

siradein the Vexing (Demonspawn Enchanter)           Turns: 183, Time: 00:00:54

Health: 0/13       AC:  2    Str:  8    XL:     1   Next: 41%
Magic:  3/3        EV: 12    Int: 16    God:
Gold:   0          SH:  0    Dex: 13    Spells: 4/4 levels left

rFire   . . .      SeeInvis .   a - +1 dagger
rCold   . . .      Faith    .   (no shield)
rNeg    . . .      Spirit   .   b - +0 robe
rPois   .          Reflect  .   (no helmet)
rElec   .          Harm     .   (no cloak)
rCorr   .          Rampage  .   (no gloves)
Will    .....                   (no boots)
Stlth   ++........              (no amulet)
HPRegen 0.04/turn               (no ring)
MPRegen 0.08/turn               (no ring)

@: no status effects
A: no striking features
a: no special abilities


You were on level 1 of the Dungeon.
You visited 1 branch of the dungeon, and saw 1 of its levels.

Inventory:

Hand Weapons
 a - a +1 dagger (weapon)
Armour
 b - a +0 robe (worn)
Scrolls
 d - a scroll of enchant weapon {unknown}
Potions
 c - a potion of invisibility


   Skills:
 - Level 0.8(0.9) Short Blades
 + Level 0.2(0.5) Long Blades
 + Level 1.8 Dodging
 - Level 2.6 Stealth
 + Level 2.0 Spellcasting
 + Level 3.0 Hexes


You had 4 spell levels left.
You didn't know any spells.
Your spell library contained the following spells:

 Spells                   Type           Power      Damage    Failure   Level
 Ensorcelled Hibernation  Hex/Ice        12%        N/A       17%         2
 Confusing Touch          Hex            11%        N/A       19%         3
 Tukima's Dance           Hex            11%        N/A       19%         3
 Dazzling Flash           Conj/Hex       12%        N/A       32%         3


Dungeon Overview and Level Annotations

Branches:
Dungeon (1/15)

Altars:


Message History

The kobold barely misses you.
A jackal comes into view.
You closely miss the kobold. The kobold barely misses you.
You hit the kobold.
The kobold is moderately wounded.
The jackal misses you. The kobold hits you but does no damage.
You hit the kobold but do no damage.
The kobold is moderately wounded.
The jackal bites you. The jackal closely misses you.
The kobold hits you but does no damage. The jackal bites you.
You closely miss the kobold.
The kobold is moderately wounded.
The jackal closely misses you. The kobold misses you. The jackal bites you.
You barely miss the kobold.
The kobold is moderately wounded.
The jackal barely misses you. The jackal closely misses you.
You hit the kobold.
The kobold is heavily wounded.
The kobold hits you with a +0 short sword.
The jackal barely misses you. x2
You are too injured to fight recklessly!
You are too injured to fight recklessly!
You are too injured to fight recklessly!
You hit the kobold.
The kobold is severely wounded.
The jackal closely misses you. The kobold closely misses you.
You hit the kobold.
You kill the kobold!
The jackal closely misses you. The jackal bites you.
* * * LOW HITPOINT WARNING * * *
Things that are here:
a +0 short sword; 3 stones; a kobold corpse The jackal closely misses you.
You barely miss the jackal. The jackal bites you.
* * * LOW HITPOINT WARNING * * *
You hit the jackal but do no damage.
The jackal bites you but does no damage.
The jackal barely misses you. The jackal bites you.
You die...

≈≈≈≈≈≈≈≈≈≈≈...####
≈≈≈≈≈≈≈≈≈≈≈......###
≈≈≈≈≈≈≈≈≈≈≈........#
≈≈≈#'#+#≈≈≈.....^..#####
#'##..>'≈≈≈........h...#
...'...'≈≈≈........###.# #
##.###+#≈≈≈......h.# #)#.#
.#...#≈≈≈≈.....#h### #h#.#.#.#
.'.⌠.'≈≈≈..⌠..##@# #.......#
.'.⌠.'≈≈≈..⌠..##.#####.##.###.
.#...#≈≈≈≈....##......#.# #
##.#'#'#≈≈≈...##.#####.##
...#...'≈≈≈......# ...
#'##..('≈≈≈....... .#.#
≈≈≈#+#'#≈≈≈....### ##.#
≈≈≈≈≈≈≈≈≈≈≈...## .
≈≈≈≈≈≈≈≈≈≈≈...# #


You could see 3 jackals.

Vanquished Creatures
  An endoplasm (D:1)
  A kobold (D:1)
  A rat (D:1)
3 creatures vanquished.

Notes
Turn   | Place    | Note
-------+----------+-------------------------------------------
     0 | D:1      | siradein the Demonspawn Enchanter began the quest for the
                  | Orb.
     0 | D:1      | Reached XP level 1. HP: 13/13 MP: 3/3
   183 | D:1      | Slain by a jackal

Illustrated notes

Levels and vault maps discovered:
D:1:      dpeg_arrival_castle, layout_loops_ring, serial_shops, shop,
          nicolae_square_shop, nicolae_shop_trees, shop, shop

Action                   || total
-------------------------++-------
Melee: Dagger            ||    15
 Stab: Sleeping          ||     1
Armor: Robe              ||     3
Dodge: Dodged            ||    16

Table legend: (Time is in decaauts)
 A = Elapsed time spent in this place.
 B = Non-inter-level travel time spent in this place.
 C = Inter-level travel time spent in this place.
 D = Time resting spent in this place.
 E = Time spent auto-exploring this place.
 F = Levels seen in this place.
 G = Mean time per level.
                   A        B        C        D        E       F      G
               +--------+--------+--------+--------+--------+-----+--------+
         Total |    183 |    183 |      0 |      0 |    146 |   1 |  183.0 |
       Dungeon |    183 |    183 |      0 |      0 |    146 |   1 |  183.0 |
               +--------+--------+--------+--------+--------+-----+--------+

Top non-repeatable levels by time:
     D:1: 183 daAuts
